 Dungeon Crawl Stone Soup version 0.29.1-2-gbd0b4ee654 (webtiles) character file.

Game seed: 14793149109860753735

4 Mehrunes the Covered (level 1, 19/20 HPs)
             Began as a Minotaur Fighter on Nov 15, 2022.
             Quit the game on level 1 of the Dungeon.
             The game lasted 00:00:10 (324 turns).

Mehrunes the Covered (Minotaur Fighter)              Turns: 324, Time: 00:00:11

Health: 19/20      AC:  7    Str: 20    XL:     1   Next: 58%
Magic:  0/0        EV:  9    Int:  5    God:
Gold:   0          SH:  4    Dex:  9    Spells: 0/0 levels left

rFire   . . .      SeeInvis .   a - +0 flail
rCold   . . .      Faith    .   c - +0 buckler
rNeg    . . .      Spirit   .   b - +0 scale mail
rPois   .          Reflect  .   (helmet restricted)
rElec   .          Harm     .   (no cloak)
rCorr   .          Rampage  .   (no gloves)
Will    .....                   (no boots)
Stlth   ..........              (no amulet)
HPRegen 0.06/turn               (no ring)
MPRegen 0.07/turn               (no ring)

@: no status effects
A: horns 2, retaliatory headbutt
a: no special abilities


You were on level 1 of the Dungeon.
You visited 1 branch of the dungeon, and saw 1 of its levels.

Inventory:

Hand Weapons
 a - a +0 flail (weapon)
Armour
 b - a +0 scale mail (worn)
 c - a +0 buckler (worn)
Potions
 d - a potion of might


   Skills:
 + Level 3.7 Fighting
 + Level 2.4 Maces & Flails
 + Level 3.8 Armour
 + Level 3.7 Shields


You couldn't memorise any spells.
You didn't know any spells.
Your spell library was empty.

Dungeon Overview and Level Annotations

Branches:
Dungeon (1/15)

Altars:


Innate Abilities, Weirdness & Mutations

You have a pair of horns on your head.
You reflexively headbutt those who attack you in melee.


Message History

You hit the jackal.
You kill the jackal!
You block the jackal's attack. x2
You closely miss the ball python. Your headbutt misses the ball python.
The jackal bites you. The ball python barely misses you.
You furiously retaliate!
You headbutt the ball python!
You kill the ball python!
The jackal barely misses you.
You closely miss the jackal.
A bat comes into view.
The jackal barely misses you. x2; The bat moves out of view.
You barely miss the jackal.
The jackal bites you but does no damage. x2
You barely miss the jackal.
The jackal bites you but does no damage.
You closely miss the jackal. The jackal closely misses you.
The jackal bites you but does no damage.
You hit the jackal but do no damage. Your headbutt misses the jackal.
The bat hits you but does no damage. The jackal misses you.
You furiously retaliate!
You headbutt the jackal.
The jackal bites you but does no damage.
You sock the jackal!
You kill the jackal!
The bat closely misses you. The bat barely misses you.
You miss the bat. The bat hits you but does no damage. x2
You miss the bat. You headbutt the bat, but do no damage.
You block the bat's attack. x2
The bat misses you. The bat hits you but does no damage. x2
You hit the bat.
The bat is moderately wounded.
The bat misses you.
You closely miss the bat.
The bat is moderately wounded.
The bat hits you but does no damage. The bat barely misses you.
The bat closely misses you. The bat hits you.
You closely miss the bat. The bat misses you. The bat closely misses you.
You furiously retaliate!
You headbutt the bat!
You kill the bat!
Are you sure you want to abandon this character and quit the game? (Confirm with "yes".)

♣♣♣## ...###
♣.#8♣♣
♣♣♣♣♣♣♣♣.'.<♣
.......#.#8♣♣
......†..###♣♣##
#.!............###
#.##.####.@.......
# #...###...
#).... ##.##...
#.. ...# ##.# ...#
.# ... .# ##.


There were no monsters in sight!

Vanquished Creatures
  A ball python (D:1)
  2 jackals (D:1)
  A bat (D:1)
4 creatures vanquished.

Notes
Turn   | Place    | Note
-------+----------+-------------------------------------------
     0 | D:1      | Mehrunes the Minotaur Fighter began the quest for the Orb.
     0 | D:1      | Reached XP level 1. HP: 19/19 MP: 0/0
   324 | D:1      | Quit the game

Illustrated notes

Levels and vault maps discovered:
D:1:      saegor_arrival_simple_b, layout_rooms, basic_ecumenical_altar,
          serial_forest, infiniplex_forest_straight_2, infiniplex_forest_3_way,
          infiniplex_forest_end_1, infiniplex_forest_zigzag_1,
          infiniplex_forest_clump_medium, infiniplex_forest_split,
          infiniplex_forest_clump_small, infiniplex_forest_end_double

Action                   || total
-------------------------++-------
Melee: Flail             ||    15
       Headbutt          ||     1
Armor: Scale mail        ||    12
Dodge: Dodged            ||    14
Block: Buckler           ||     4
